 Dungeon Crawl Stone Soup version 0.18.1-48-g4cf74bf (webtiles) character file.

109 torvon the Poker (level 4, -1/35 HPs)
             Began as a Merfolk Skald on Aug 8, 2016.
             Was a Follower of Yredelemnul.
             Slain by bunjiquo's ghost (15 damage)
             ... on level 3 of the Dungeon.
             The game lasted 00:15:11 (2436 turns).

torvon the Poker (Merfolk Skald)                    Turns: 2436, Time: 00:15:12

Health: -1/35      AC:  6    Str: 13    XL:     4   Next: 90%
Magic:  6/7        EV: 12    Int: 11    God:    Yredelemnul [*.....]
Gold:   173        SH:  0    Dex: 13    Spells: 3 memorised, 2 levels left

rFire  . . .     SeeInvis .     a - +0 spear
rCold  . . .     Gourm    .     b - +0 leather armour
rNeg   . . .     Faith    .     (no shield)
rPois  .         Spirit   .     w - +2 helmet
rElec  .         Dismiss  .     (no cloak)
rCorr  .         Reflect  .     (no gloves)
SustAt .         Harm     .     (no boots)
MR     .....                    (no amulet)
Stlth  +.........               (no ring)
                                (no ring)

@: not resistant to hostile enchantments, very unstealthy
A: change form in water, swift swim
a: Animate Remains, Renounce Religion


You were on level 3 of the Dungeon.
You worshipped Yredelemnul.
Yredelemnul was aware of your devotion.
You were not hungry.

You visited 1 branch of the dungeon, and saw 3 of its levels.

You collected 173 gold pieces.

Inventory:

Hand Weapons
 a - a +0 spear (weapon)
 g - a +0 hand axe
 n - a cursed +0 dagger
 r - a +0 short sword
Missiles
 d - 17 poisoned needles
 e - 35 stones
 z - 2 tomahawks (quivered)
Armour
 b - a +0 leather armour (worn)
 j - a +0 robe
 w - a +2 helmet (worn)
 x - a +0 animal skin
 y - a +0 helmet
Jewellery
 l - an uncursed amulet of regeneration {unknown}
 t - an uncursed ring of flight {unknown}
Wands
 m - a wand of polymorph (3/24)
 p - a wand of acid (9/15)
Scrolls
 h - 2 scrolls of magic mapping
 s - a scroll of random uselessness {unknown}
 B - a scroll of blinking {unknown}
 D - a scroll of noise {unknown}
Potions
 f - 3 potions of cancellation {unknown}
 i - 2 potions of berserk rage {unknown}
 k - 2 potions of agility {unknown}
 o - 2 potions of might {unknown}
 u - 2 potions of heal wounds {unknown}
 C - 2 potions of brilliance {unknown}
Books
 c - a book of Battle

   Spells                             Type                      Level
   a - Infusion                       Charms                       1
   b - Shroud of Golubria             Charms/Translocation         2
   c - Song of Slaying                Charms                       2
   d - Spectral Weapon                Hexes/Charms                 3
   e - Regeneration                   Charms/Necromancy            3
Comestibles
 q - a bread ration
 v - 2 fruits
 A - a meat ration


   Skills:
 + Level 3.4 Fighting
 + Level 4.4 Polearms
 - Level 1.1 Armour
 - Level 2.0 Dodging
 - Level 2.0 Spellcasting
 + Level 4.1 Charms


You had 2 spell levels left.
You knew the following spells:

 Your Spells              Type           Power        Failure   Level  Hunger
a - Infusion              Chrm           ##..         10%         1    ##.....
b - Shroud of Golubria    Chrm/Tloc      #.........   24%         2    ###....
c - Song of Slaying       Chrm           ##......     12%         2    ###....


Dungeon Overview and Level Annotations

Branches:
Dungeon (3/15)

Altars:
Trog
Yredelemnul

Annotations:
D:3 bunjiquo's ghost, amateur TrBe


Message History

Bunjiquo's ghost closely misses you.
You closely miss bunjiquo's ghost.
Bunjiquo's ghost is lightly damaged.
Bunjiquo's ghost whispers, "There is no future for you."
Bunjiquo's ghost hits you but does no damage.
You completely miss bunjiquo's ghost.
Bunjiquo's ghost is lightly damaged.
Bunjiquo's ghost wails.
Bunjiquo's ghost closely misses you.
You barely miss bunjiquo's ghost.
Bunjiquo's ghost is lightly damaged.
Bunjiquo's ghost hits you but does no damage.
You see here a ball python corpse.
Your magical infusion is running out.
A giant cockroach comes into view.
Found 9 gold pieces.
You are no longer magically infusing your attacks.
Bunjiquo's ghost hits you!
You die...
Your body rises from the dead as a mindless zombie.

*,**,,,* #..†..#.#
*,**########.##..#.#
*,*,..........#..#.#########
*,*,########..#..#.##......#
**,,,..........#..#.##.####.#
*,,,,...####.###..#.##.# #.#
***,,,,,,,+....<....#.##.####.#
*,,,,,,,,,*###...W..#.##.#....#
***,,,,,,,* ###@#..#....#.####
*,,,,,,,* #....######.#
***,,,,,,,*****#.##.#**###.#
,,,,,,,,,,,,,,...#*...,#...#
,,,,,,,,,,,,....$#*.##.#.###
,,,,,,,,*,...s...#*##*,#.#######
,,,,,,,,*,.......',,,*,#.......#
,,,,,,,,*,.......#**,*,#######)#
,*********######.#.#,,,,,* #...#


You could see bunjiquo's ghost.

Vanquished Creatures
  Robin (D:3)
  2 adders
  An ooze (D:2)
  A worm (D:2)
  A dart slug (D:2)
  3 giant geckos
  2 ball pythons
  A giant cockroach (D:1)
  15 goblins
  8 hobgoblins
  A quokka (D:2)
  7 bats
  2 giant newts
  12 kobolds
  8 rats
  A spectral orc (D:2)
66 creatures vanquished.

Notes
Turn   | Place    | Note
--------------------------------------------------------------
     0 | D:1      | torvon the Merfolk Skald began the quest for the Orb.
     0 | D:1      | Reached XP level 1. HP: 16/16 MP: 3/3
     2 | D:1      | Noticed a dwarf
     2 | D:1      | Noticed a halfling
     4 | D:1      | Noticed a ghoul
     4 | D:1      | Noticed a felid
     6 | D:1      | Noticed a human
     6 | D:1      | Noticed a spriggan
     8 | D:1      | Noticed a vine stalker
    10 | D:1      | Noticed an octopode
    12 | D:1      | Noticed a demigod
    12 | D:1      | Noticed a naga
    14 | D:1      | Noticed a tengu
    14 | D:1      | Noticed a draconian
    16 | D:1      | Noticed a troll
    16 | D:1      | Noticed an ogre
    18 | D:1      | Noticed a merfolk
    18 | D:1      | Noticed a demonspawn
    22 | D:1      | Noticed a vampire
    22 | D:1      | Noticed a gargoyle
    24 | D:1      | Noticed an elf
    24 | D:1      | Noticed a minotaur
    26 | D:1      | Noticed a formicid
    26 | D:1      | Noticed a centaur
   134 | D:1      | Reached XP level 2. HP: 2/23 MP: 0/5
   682 | D:1      | Reached skill level 1 in Armour
   738 | D:1      | Reached XP level 3. HP: 27/28 MP: 3/6
   930 | D:2      | Found a basalt altar of Yredelemnul.
   944 | D:2      | Became a worshipper of Yredelemnul the Dark
  1368 | D:2      | Learned a level 2 spell: Shroud of Golubria
  1503 | D:2      | Found a bloodstained altar of Trog.
  1676 | D:2      | Reached XP level 4. HP: 33/35 MP: 4/7
  1708 | D:2      | Reached * piety under Yredelemnul
  1819 | D:3      | Learned a level 2 spell: Song of Slaying
  1944 | D:3      | Noticed Robin
  2051 | D:3      | Killed Robin
  2412 | D:3      | Noticed bunjiquo's ghost (amateur TrBe)
  2436 | D:3      | Slain by bunjiquo's ghost

Skill      XL: |  1  2  3  4 |
---------------+-------------+-----
Dodging        | 2 |  2.0
Armour         | 1 |  1.1
Fighting       | 3 |  3.4
Polearms       | 4 |  4.4
Charms         | 4 |  4.1
Spellcasting   | |  2.0

Action                   |  1- 3 |  4- 6 || total
-------------------------+-------+-------++-------
Melee: Spear             |   184 |    76 ||   260
Throw: Tomahawk          |       |     4 ||     4
       Stone             |       |     1 ||     1
 Cast: Infusion          |    10 |     6 ||    16
       Shroud of Golubri |       |     4 ||     4
       Song of Slaying   |       |     1 ||     1
  Use: Scroll            |       |     1 ||     1
 Stab: Sleeping          |     1 |       ||     1
  Eat: Bread ration      |     1 |     1 ||     2
Armor: Leather armour    |    33 |    17 ||    50
Dodge: Dodged            |   111 |    53 ||   164
